 Dungeon Crawl Stone Soup version 0.27.1-3-gb3d3a73c9e (webtiles) character file.

Game seed: 2515028732344904626

4541 pkoi the Carver (level 10, -3/84 HPs)
             Began as a Minotaur Gladiator on Oct 14, 2021.
             Was a Believer of Dithmenos.
             Slain by a shadow (28 damage)
             ... on level 9 of the Dungeon.
             The game lasted 00:11:17 (10090 turns).

pkoi the Carver (Minotaur Gladiator)               Turns: 10090, Time: 00:11:17

Health: -3/84      AC: 12    Str: 22    XL:     10   Next: 17%
Magic:  9/9        EV: 18    Int:  5    God:    Dithmenos [**....]
Gold:   319        SH:  0    Dex: 12    Spells: 9/9 levels left

rFire    . . .     SeeInvis .   a - +0 long sword
rCold    . . .     Faith    .   (no shield)
rNeg     . . .     Spirit   .   z - +0 steam dragon scales
rPois    .         Reflect  .   c - +0 hat
rElec    .         Harm     .   v - +2 cloak
rCorr    .         Rampage  .   s - +0 pair of gloves
Will     .....                  j - +0 pair of boots
Stlth    +++.......             y - amulet of regeneration
HPRegen  1.24/turn              m - +4 ring of evasion
MPRegen  0.11/turn              (no ring)

@: wreathed by umbra
A: horns 2, retaliatory headbutt
a: Renounce Religion, Shadow Step


You were on level 9 of the Dungeon.
You worshipped Dithmenos.
Dithmenos was pleased with you.
You visited 2 branches of the dungeon, and saw 10 of its levels.

You collected 319 gold pieces.

Inventory:

Hand Weapons
 a - a +0 long sword (weapon)
 u - a +2 dagger of venom
 w - a +2 short sword of venom
 A - a +0 shortbow
Missiles
 d - 3 throwing nets (quivered)
 g - 5 curare-tipped darts
 l - 11 boomerangs
 B - 57 arrows
Armour
 b - a +0 leather armour
 c - a +0 hat (worn)
 j - a +0 pair of boots (worn)
 s - a +0 pair of gloves (worn)
 v - a +2 cloak (worn)
 z - +0 steam dragon scales (worn)
Jewellery
 m - a +4 ring of evasion (left hand)
 y - an amulet of regeneration (around neck)
Wands
 h - a wand of flame (18)
 x - a wand of polymorph (10)
Scrolls
 e - a scroll of magic mapping
 k - a scroll of identify
 n - a scroll of amnesia
 o - a scroll of teleportation
Potions
 f - 3 potions of mutation
 i - a potion of brilliance
 q - 4 potions of heal wounds
 r - 4 potions of curing
 t - a potion of haste
 C - a potion of invisibility


   Skills:
 + Level 6.7 Fighting
 + Level 12.7 Long Blades
 - Level 2.0 Throwing
 + Level 6.1 Armour
 + Level 6.6 Dodging
 + Level 4.5 Stealth


You had 9 spell levels left.
You didn't know any spells.
Your spell library contained the following spells:

 Spells                   Type           Power      Damage    Failure   Level
 Beastly Appendage        Tmut           0%         N/A       47%         1
 Slow                     Hex            0%         N/A       63%         2
 Wereblood                Tmut           0%         N/A       63%         2
 Confusing Touch          Hex            0%         N/A       85%         3
 Spider Form              Tmut/Pois      0%         N/A       85%         3
 Vampiric Draining        Necr           0%         2d6       85%         3
 Fireball                 Conj/Fire      0%         3d3       100%        5
 Starburst                Conj/Fire      0%         6d3       100%        6
 Ignition                 Fire           0%         3d3       100%        8


Dungeon Overview and Level Annotations

Branches:
Dungeon (9/15)             Temple (1/1) D:4            Lair (0/6) D:9
    Orc: D:9-12

Altars:
Ashenzari
Cheibriados
Dithmenos
Elyvilon
Fedhas
Gozag
Hepliaklqana
Kikubaaqudgha
Makhleb
Nemelex Xobeh
Okawaru
Qazlal
Ru
Sif Muna
Trog
Uskayaw
Vehumet
Wu Jian
Xom
Yredelemnul
Zin
The Shining One


Innate Abilities, Weirdness & Mutations

You have a pair of horns on your head.
You reflexively headbutt those who attack you in melee.


Message History

The shadow strikes at you from the darkness!
Reactivating autopickup.
You closely miss the shadow.
You headbutt the shadow, but do no damage.
The shadow is severely damaged.
The shadow misses you.
You hit the shadow but do no damage.
The shadow is severely damaged.
You hit the shadow but do no damage.
The shadow is severely damaged.
The shadow slips into darkness.
The shadow flickers and vanishes!
Deactivating autopickup; reactivate with Ctrl-A.
The orc warrior throws a silver boomerang.
The silver boomerang hits you!
You hit something.
The shadow strikes at you from the darkness!
* * * LOW HITPOINT WARNING * * *
Reactivating autopickup.
Unknown command.
You hit the shadow but do no damage.
The shadow is almost destroyed.
The shadow slips into darkness.
The shadow flickers and vanishes!
Deactivating autopickup; reactivate with Ctrl-A.
You miss something.
Unknown command.
You barely miss something. You headbutt something.
The shadow strikes at you from the darkness!
* * * LOW HITPOINT WARNING * * *
Reactivating autopickup.
Unknown command.
You barely miss the shadow.
The shadow is almost destroyed.
The shadow slips into darkness.
The shadow flickers and vanishes!
Deactivating autopickup; reactivate with Ctrl-A.
Unknown command.
The shadow strikes at you from the darkness!
You die...

#..o. #....P.....>......
......#.P..P......P.....
....o.#..P....P.....P.†P
..ooW.'...............P.
#.......PP..P..P..
#)##.P..PPPP..P...
#o####.P....P....# #.#
#..........#.. #@#
#.#######..#.. #.#
#..### #.. #... . ####
#. # .


You could see an orc warrior.

Vanquished Creatures
  A two-headed ogre (D:8)
  A wyvern (D:8)
  2 steam dragons
  Menkaure (D:3)
  A water moccasin (D:9)
  A sky beast (D:7)
  2 black bears (D:9)
  3 orc warriors
  2 ice beasts
  2 ogres
  2 necrophages (D:5)
  2 centaurs
  A kobold brigand (D:6)
  6 scorpions
  3 bullfrogs
  3 killer bees
  5 wights (D:8)
  5 howler monkeys
  A bullfrog zombie (D:3)
  5 hounds
  3 jellies
  Crazy Yiuf (D:5)
  5 orc priests
  A scorpion zombie (D:5)
  2 orc wizards
  Natasha (thrice) (D:4)
  A killer bee zombie (D:9)
  A howler monkey skeleton (D:7)
  6 gnolls
  7 adders
  A white imp (D:4)
  A worm (D:4)
  3 dart slugs
  28 orcs
  7 bats
  10 endoplasms
  5 giant cockroaches
  11 goblins
  7 hobgoblins
  3 jackals (D:4)
  10 kobolds
  6 quokkas
  7 ball pythons
  6 frilled lizards
  8 rats
192 creatures vanquished.

Vanquished Creatures (others)
  A wizard (D:8)
  21 fungi (D:9)
  32 plants
54 creatures vanquished.

Grand Total: 246 creatures vanquished

Notes
Turn   | Place    | Note
-------+----------+-------------------------------------------
     0 | D:1      | pkoi the Minotaur Gladiator began the quest for the Orb.
     0 | D:1      | Reached XP level 1. HP: 18/18 MP: 0/0
    68 | D:1      | Reached skill level 4 in Long Blades
   178 | D:1      | Reached XP level 2. HP: 25/25 MP: 1/1
   378 | D:1      | Found a faded altar of an unknown god.
   722 | D:1      | Reached skill level 5 in Long Blades
   793 | D:1      | Reached XP level 3. HP: 28/30 MP: 2/2
  1413 | D:2      | Reached XP level 4. HP: 37/37 MP: 3/3
  1435 | D:2      | Reached skill level 6 in Long Blades
  2145 | D:3      | Reached skill level 7 in Long Blades
  2145 | D:3      | Reached XP level 5. HP: 11/42 MP: 4/4
  2148 | D:3      | HP: 2/42 [frozen (3)]
  2771 | D:3      | Found a shimmering blue altar of Sif Muna.
  2806 | D:3      | Found a burning altar of Makhleb.
  3170 | D:4      | Noticed Menkaure
  3233 | D:3      | Killed Menkaure
  3234 | D:3      | Reached skill level 8 in Long Blades
  3234 | D:3      | Reached XP level 6. HP: 45/50 MP: 5/5
  3282 | D:4      | Noticed Natasha
  3290 | D:4      | Killed Natasha
  3390 | D:4      | Found a shadowy altar of Dithmenos.
  3393 | D:4      | Became a worshipper of Dithmenos the Shadowed
  3675 | D:4      | Noticed Natasha
  3683 | D:4      | Killed Natasha
  3757 | D:4      | Reached skill level 9 in Long Blades
  3984 | D:5      | Entered Level 5 of the Dungeon
  3996 | D:5      | Reached XP level 7. HP: 35/56 MP: 6/6
  4272 | D:4      | Found a staircase to the Ecumenical Temple.
  4301 | Temple   | Entered the Ecumenical Temple
  4618 | D:5      | Reached skill level 10 in Long Blades
  5285 | D:5      | Reached skill level 11 in Long Blades
  5329 | D:5      | Found a blossoming altar of Fedhas.
  5409 | D:5      | Reached * piety under Dithmenos
  5583 | D:5      | Found a runed translucent door.
  5584 | D:5      | Noticed Crazy Yiuf
  5669 | D:5      | Reached XP level 8. HP: 62/62 MP: 7/7
  5827 | D:5      | Killed Crazy Yiuf
  5828 | D:5      | Reached skill level 1 in Armour
  6107 | D:6      | Reached skill level 1 in Stealth
  7818 | D:4      | Noticed Natasha
  7821 | D:4      | Killed Natasha
  8227 | D:7      | Reached skill level 12 in Long Blades
  8227 | D:7      | Reached XP level 9. HP: 38/72 MP: 8/8
  8480 | D:7      | Reached skill level 5 in Dodging
  8683 | D:7      | Reached ** piety under Dithmenos
  8815 | D:8      | Reached skill level 5 in Fighting
  8934 | D:8      | Found an iron altar of Okawaru.
  9043 | D:8      | Found a bloodstained altar of Trog.
  9046 | D:8      | Noticed a wizard
  9051 | D:8      | Killed a wizard
  9085 | D:8      | Noticed a two-headed ogre
  9104 | D:8      | Killed a two-headed ogre
  9105 | D:8      | Reached skill level 5 in Armour
  9916 | D:9      | Reached XP level 10. HP: 77/84 MP: 9/9
  9919 | D:9      | Found a staircase to the Lair.
 10090 | D:9      | Slain by a shadow

Illustrated notes

Levels and vault maps discovered:
D:1:      dpeg_arrival_three_same_balls, layout_basic,
          dreamdust_ecumenical_altar_statues,
          amcnicky_mini_rare_corridor_liquid, minmay_parallelograms
D:2:      layout_basic, st_stairs_10
D:3:      layout_loops_ring, mainiacjoe_overflow_two_lobes
D:4:      layout_cave_pods, kennysheep_mini_moat, minmay_temple_entry_poolview,
          kennysheep_doodads, uniq_menkaure, uniq_natasha
D:5:      corexii_shack_village, layout_basic,
          mainiacjoe_overflow_six_doors_small, hangedman_abyss_or_decor_passed,
          uniq_crazy_yiuf_cottage
D:6:      layout_basic
D:7:      layout_loops_cross
D:8:      layout_loops_corners, trog_wizard, kennysheep_little_box
D:9:      layout_basic, due_lair_maze_entry_diamond
Temple:   eino_temple_rhombus

Skill      XL: |  1  2  3  4  5  6  7  8  9 10 |
---------------+-------------------------------+-----
Long Blades    | 4 5 7 8 9 11 12 | 12.7
Armour         | 3 5 6 |  6.1
Fighting       | 4 6 |  6.7
Stealth        | 2 4 |  4.5
Dodging        | 4 6 |  6.6
Throwing       | |  2.0

Action                   |  1- 3 |  4- 6 |  7- 9 | 10-12 || total
-------------------------+-------+-------+-------+-------++-------
Melee: Long sword        |    67 |   118 |   136 |    20 ||   341
       Headbutt          |    11 |    23 |    57 |    16 ||   107
       Short sword       |       |       |   129 |    33 ||   162
  Use: Scroll            |       |       |    14 |       ||    14
 Stab: Sleeping          |     1 |       |     3 |       ||     4
Armor: Leather armour    |    24 |    25 |    23 |       ||    72
       Steam dragon scal |       |       |    14 |     6 ||    20
Dodge: Dodged            |    42 |   110 |   177 |    37 ||   366
       Rpst.: Long sword |     8 |    26 |    31 |     4 ||    69
